 Dungeon Crawl Stone Soup version 0.23-a0-183-gf37f6fb (webtiles) character file.

91 digijack the Skirmisher (level 4, 0/37 HPs)
             Began as a Demonspawn Fighter on Sept 23, 2018.
             Killed from afar by a white imp (8 damage)
             ... with a puff of frost
             ... summoned by Natasha
             ... on level 2 of the Dungeon.
             The game lasted 00:08:30 (1696 turns).

digijack the Skirmisher (Demonspawn Fighter)        Turns: 1696, Time: 00:08:30

Health: 0/37       AC:  9    Str: 18    XL:     4   Next: 33%
Magic:  4/4        EV:  3    Int:  9    God:
Gold:   82         SH: 13    Dex: 12    Spells: 3/3 levels left

rFire    . . .     SeeInvis .   a - +0 war axe
rCold    . . .     Gourm    .   m - +0 large shield
rNeg     . . .     Faith    .   g - +0 chain mail
rPois    .         Spirit   .   (helmet restricted)
rElec    .         Reflect  .   (no cloak)
rCorr    .         Harm     .   (no gloves)
MR       .....     Rnd*Tele +   (no boots)
Stlth    ..........             (no amulet)
HPRegen  0.12/turn              n - ring of teleportation (curse)
MPRegen  0.09/turn              (no ring)

@: no status effects
A: horns 2, sturdy frame 1
a: no special abilities


You were on level 2 of the Dungeon.
You were not hungry.

You visited 1 branch of the dungeon, and saw 2 of its levels.

You collected 82 gold pieces.

Inventory:

Hand Weapons
 a - a +0 war axe (weapon)
Missiles
 k - 44 stones (quivered)
Armour
 g - a +0 chain mail (worn)
 m - a +0 large shield (worn)
Jewellery
 n - a cursed ring of teleportation (left hand)
Scrolls
 j - a scroll of fear
 l - a scroll of magic mapping
Potions
 d - 2 potions of might
 i - 2 potions of curing
Comestibles
 b - 2 chunks of flesh
 f - 4 rations


   Skills:
 + Level 3.6 Fighting
 + Level 2.5 Axes
 + Level 3.2 Armour
 + Level 3.3 Shields


You had 3 spell levels left.
You didn't know any spells.
Your spell library was empty.

Dungeon Overview and Level Annotations

Branches:
Dungeon (2/15)

Altars:

Annotations:
D:2 Natasha


Innate Abilities, Weirdness & Mutations

You have a pair of horns on your head.
Your movements are slightly less encumbered by armour. (ER -2)


Message History

Natasha looks frightened!
The kobold starts to cry.
The white imp hits you but does no damage.
It was a potion of heal wounds.
You feel much better.
The white imp hits you but does no damage.
You block the white imp's attack.
You see here a rat corpse.
The white imp gestures at you. The puff of frost hits you!
You block the white imp's attack.
The white imp laughs crazily.
The white imp gestures at you. The puff of frost hits you!
The white imp gestures at you. The puff of frost hits you!
* * * LOW HITPOINT WARNING * * *
The kobold shouts!
The white imp gestures at you. The puff of frost hits you!
You die...

##.....>.##..<# # .
##.....####.## # # #.
#....## #.## #.. ##. ..
#.#K.# #.##.#..##.###.
#.#..#####5##........#..
..#.............###.#.#.
####................[)...
##.##.......#......... .
#.##@......##.##.#.#. .
#.##.......##...>..#. .
#..........##.#.>###.
####.......#.......#.
#..#.#....#####.#.
#.....#...# #.#.
#...#.....# #...
#.#...##..# #.##
#.##.###..#####...


You could see a white imp and a kobold.

Vanquished Creatures
  Natasha (D:2)
  2 adders (D:2)
  An ooze (D:2)
  A worm (D:2)
  2 dart slugs (D:1)
  A leopard gecko (D:1)
  A ball python (D:1)
  4 bats
  A giant cockroach (D:2)
  4 goblins (D:1)
  4 hobgoblins
  9 kobolds
  6 frilled lizards (D:1)
  3 rats
40 creatures vanquished.

Notes
Turn   | Place    | Note
-------+----------+-------------------------------------------
     0 | D:1      | digijack the Demonspawn Fighter began the quest for the
                  | Orb.
     0 | D:1      | Reached XP level 1. HP: 18/18 MP: 1/1
   176 | D:1      | Gained mutation: You have a pair of small horns on your
                  | head. [demonic ancestry]
   176 | D:1      | Reached XP level 2. HP: 11/24 MP: 2/2
   855 | D:1      | Gained mutation: Your movements are slightly less
                  | encumbered by armour. (ER -2) [demonic ancestry]
   855 | D:1      | Reached XP level 3. HP: 29/29 MP: 3/3
  1416 | D:2      | Noticed Natasha
  1429 | D:2      | Killed Natasha
  1429 | D:2      | Gained mutation: You have a pair of horns on your head.
                  | [demonic ancestry]
  1429 | D:2      | Reached XP level 4. HP: 16/35 MP: 4/4
  1670 | D:2      | Noticed Natasha
  1696 | D:2      | Killed from afar by a white imp

Vault maps used:
D:1:      dpeg_chamrin_arrival_tetris, minmay_lizard_king
D:2:      first_ration, uniq_natasha

Skill      XL: |  1  2 |
---------------+-------+-----
Axes           | 2 |  2.5
Armour         | 3 |  3.2
Shields        | 3 |  3.3
Fighting       | |  3.6

Action                   |  1- 3 |  4- 6 || total
-------------------------+-------+-------++-------
Melee: War axe           |    95 |    21 ||   116
       Headbutt          |     9 |     2 ||    11
  Use: Scroll            |     5 |     2 ||     7
       Potion            |       |     2 ||     2
  Eat: Chunk             |     2 |     1 ||     3
Armor: Scale mail        |    34 |       ||    34
       Chain mail        |    18 |    19 ||    37
Dodge: Dodged            |    27 |     4 ||    31
Block: Shield            |    45 |       ||    45
       Large shield      |    36 |    31 ||    67

Table legend:
 A = Non-vault XP
 B = Vault XP
 C = Vault XP percentage of total XP
 D = Non-vault monster count
 E = Vault monster count
 F = Vault count percentage of total count
                 A         B        C        D         E       F
            +---------+---------+-------+---------+---------+-------
      Total |      89 |      41 |  31.5 |      33 |       7 |  17.5
            +---------+---------+-------+---------+---------+-------
        D:1 |      39 |       8 |  17.0 |      21 |       6 |  22.2
        D:2 |      50 |      33 |  39.8 |      12 |       1 |   7.7
            +---------+---------+-------+---------+---------+-------
